 Dungeon Crawl Stone Soup version 0.28.0-53-g5a82cb258f (webtiles) character file.

Game seed: 12467838149796915019

49 SanguineChosen the Covered (level 3, -2/23 HPs)
             Began as a Gargoyle Fighter on July 18, 2022.
             Frozen to death by an endoplasm (4 damage)
             ... on level 3 of the Dungeon.
             The game lasted 00:02:15 (1817 turns).

SanguineChosen the Covered (Gargoyle Fighter)       Turns: 1817, Time: 00:02:16

Health: -2/23      AC: 12    Str: 21    XL:     3   Next: 77%
Magic:  3/3        EV:  9    Int:  8    God:
Gold:   81         SH:  4    Dex:  9    Spells: 2/2 levels left

rFire   . . .      SeeInvis .   a - +0 flail
rCold   . . .      Faith    .   c - +0 buckler
rNeg    + . .      Spirit   .   b - +0 scale mail
rPois   ∞          Reflect  .   (no helmet)
rElec   +          Harm     .   e - +0 cloak
rCorr   .          Rampage  .   j - +0 pair of gloves
Will    .....                   (no boots)
Stlth   ..........              (no amulet)
HPRegen 0.07/turn               (no ring)
MPRegen 0.08/turn               (no ring)

@: no status effects
A: sickness immunity, AC +3, negative energy resistance 1, electricity
resistance, torment resistance 1, petrification resistance
a: no special abilities


You were on level 3 of the Dungeon.
You visited 1 branch of the dungeon, and saw 3 of its levels.

You collected 81 gold pieces.

Inventory:

Hand Weapons
 a - a +0 flail (weapon)
Armour
 b - a +0 scale mail (worn)
 c - a +0 buckler (worn)
 e - a +0 cloak (worn)
 j - a +0 pair of gloves (worn)
Scrolls
 f - 2 scrolls of identify {unknown}
 g - a scroll of teleportation {unknown}
 i - a scroll of fear {unknown}
Potions
 d - a potion of might
 h - a potion of cancellation {unknown}
 k - a potion of mutation {unknown}
 l - 2 potions of curing {unknown}
 m - a potion of heal wounds {unknown}


   Skills:
 + Level 3.6 Fighting
 + Level 2.7 Maces & Flails
 + Level 4.0 Armour
 + Level 0.1 Stealth
 + Level 3.6 Shields


You had 2 spell levels left.
You didn't know any spells.
Your spell library was empty.

Dungeon Overview and Level Annotations

Branches:
Dungeon (3/15)

Altars:


Innate Abilities, Weirdness & Mutations

You are immune to sickness and miasma.
Your stone body is resilient. (AC +3)
You are immune to poison.
You resist negative energy. (rN+)
You are resistant to electric shocks. (rElec)
You are resistant to unholy torment.
You are immune to petrification.


Message History

The endoplasm barely misses you. The endoplasm hits you.
Ijyb hits you but does no damage.
You completely miss Ijyb.
Ijyb is moderately wounded.
The bat hits you but does no damage.
The endoplasm hits you but does no damage.
Ijyb closely misses you.
You closely miss Ijyb.
Ijyb is moderately wounded.
You block the bat's attack. Ijyb hits you but does no damage.
The endoplasm closely misses you.
You hit Ijyb.
Ijyb is moderately wounded.
The bat hits you but does no damage. Ijyb barely misses you.
The endoplasm closely misses you. The bat hits you but does no damage.
The endoplasm freezes you.
You are frozen.
Ijyb hits you with a +0 dagger.
* * * LOW HITPOINT WARNING * * *
You hit Ijyb.
Ijyb is heavily wounded.
The bat misses you. The endoplasm freezes you.
You are frozen.
* * * LOW HITPOINT WARNING * * *
Ijyb hits you but does no damage.
You hit Ijyb but do no damage.
Ijyb is heavily wounded.
The bat barely misses you. The bat closely misses you. The endoplasm hits you.
* * * LOW HITPOINT WARNING * * *
Ijyb closely misses you.
You hit Ijyb.
Ijyb is severely wounded.
You block the bat's attack. Ijyb barely misses you.
You block the endoplasm's attack.
You sock Ijyb!
You kill Ijyb!
The bat hits you but does no damage. x2
The endoplasm freezes you.
You are frozen.
You die...

#.... .......
#.... .....(.#
.... .......
...###..#.###
#..........#
#..........#
#...J......###
#..b@........# .
#...).......#
...#...........#
...............#
####...........#
#########?.....#
...............#.
.............!...
.......<.......#.


You could see an endoplasm and a bat.

Vanquished Creatures
  Ijyb (D:3)
  An adder (D:2)
  A bat (D:1)
  3 endoplasms
  A giant cockroach (D:1)
  7 goblins
  5 hobgoblins
  2 jackals (D:1)
  2 quokkas
  4 ball pythons
  3 frilled lizards
  A kobold (D:2)
  6 rats
37 creatures vanquished.

Notes
Turn   | Place    | Note
-------+----------+-------------------------------------------
     0 | D:1      | SanguineChosen the Gargoyle Fighter began the quest for the
                  | Orb.
     0 | D:1      | Reached XP level 1. HP: 14/14 MP: 1/1
   100 | D:1      | Reached XP level 2. HP: 19/19 MP: 2/2
   490 | D:1      | Found a faded altar of an unknown god.
   908 | D:1      | Reached XP level 3. HP: 23/23 MP: 3/3
  1758 | D:3      | Reached skill level 4 in Armour
  1787 | D:3      | Noticed Ijyb
  1817 | D:3      | Killed Ijyb
  1817 | D:3      | Frozen to death by an endoplasm

Illustrated notes

Levels and vault maps discovered:
D:1:      dpeg_arrival_arbitrary_a, layout_basic,
          shapermc_ecumenical_altar_petra
D:2:      layout_loops_ring, minmay_misc_feat_alley, st_stairs_5
D:3:      minmay_diamond_boxcup, layout_rooms, serial_shops, shop, uniq_terence,
          uniq_ijyb

Skill      XL: |  1  2  3 |
---------------+----------+-----
Armour         | 4 |  4.0
Fighting       | |  3.6
Maces & Flails | |  2.7
Stealth        | |  0.1
Shields        | |  3.6

Action                   || total
-------------------------++-------
Melee: Flail             ||   121
Armor: Scale mail        ||    99
Dodge: Dodged            ||    74
Block: Buckler           ||    24
